 Seeded DCSS version 0.28.0-62-gf88900778d (webtiles) character file.

Game seed: 18429862210968598332 (custom seed)

12 Mickster the Ruffian (level 2, 0/16 HPs)
             Began as a Gargoyle Wanderer on Mar 14, 2023.
             Slain by a hobgoblin (2 damage)
             ... on level 1 of the Dungeon.
             The game lasted 00:05:13 (839 turns).

Mickster the Ruffian (Gargoyle Wanderer)             Turns: 839, Time: 00:05:16

Health: 0/16       AC:  7    Str: 15    XL:     2   Next: 33%
Magic:  2/2        EV:  8    Int: 10    God:
Gold:   10         SH:  0    Dex: 11    Spells: 1/1 levels left

rFire   . . .      SeeInvis .   j - +0 short sword
rCold   . . .      Faith    .   (no shield)
rNeg    + . .      Spirit   .   e - +0 leather armour
rPois   ∞          Reflect  .   (no helmet)
rElec   +          Harm     .   (no cloak)
rCorr   .          Rampage  .   (no gloves)
Will    .....                   d - +0 pair of boots
Stlth   ++........              (no amulet)
HPRegen 0.05/turn               (no ring)
MPRegen 0.08/turn               (no ring)

@: constricted
A: sickness immunity, AC +2, negative energy resistance 1, electricity
resistance, torment resistance 1, petrification resistance
a: no special abilities


You were on level 1 of the Dungeon.
You visited 1 branch of the dungeon, and saw 1 of its levels.

You collected 10 gold pieces.

Inventory:

Hand Weapons
 a - a +0 club
 g - a +0 whip
 j - a +0 short sword (weapon)
Missiles
 h - 19 stones (quivered)
Armour
 d - a +0 pair of boots (worn)
 e - a +0 leather armour (worn)
Scrolls
 b - 2 scrolls of blinking
 i - a scroll of identify
Potions
 c - a potion of curing
 f - a potion of berserk rage


   Skills:
 + Level 1.1 Fighting
 + Level 1.2 Armour
 + Level 1.8 Dodging
 + Level 2.4 Stealth
 - Level 3.2 Unarmed Combat
 + Level 1.1 Evocations


You had one spell level left.
You didn't know any spells.
Your spell library was empty.

Dungeon Overview and Level Annotations

Branches:
Dungeon (1/15)

Altars:


Innate Abilities, Weirdness & Mutations

You are immune to sickness and miasma.
Your stone body is resilient. (AC +2)
You are immune to poison.
You resist negative energy. (rN+)
You are resistant to electric shocks. (rElec)
You are resistant to unholy torment.
You are immune to petrification.


Message History

A hobgoblin comes into view.
You barely miss the hobgoblin.
The hobgoblin is severely wounded.
The hobgoblin shouts!
You hear a shout!
The ball python bites you. The ball python barely misses you.
The hobgoblin hits you but does no damage.
The ball python barely misses you. The ball python grabs you.
The ball python constricts you.
You closely miss the hobgoblin.
The hobgoblin is severely wounded.
The ball python bites you but does no damage.
The ball python constricts you. The hobgoblin barely misses you.
You hit the hobgoblin but do no damage.
The hobgoblin is severely wounded.
The ball python bites you but does no damage.
The ball python constricts you. The hobgoblin barely misses you.
Unknown command.
You closely miss the hobgoblin.
The hobgoblin is severely wounded.
The ball python barely misses you. The ball python constricts you.
The hobgoblin hits you but does no damage.
The ball python barely misses you. The ball python constricts you.
Unknown command.
You escape the ball python's grasp.
You barely miss the hobgoblin.
The hobgoblin is severely wounded.
The hobgoblin hits you but does no damage.
The ball python bites you. The ball python misses you.
You barely miss the hobgoblin.
The hobgoblin is severely wounded.
The hobgoblin hits you. The ball python bites you.
* * * LOW HITPOINT WARNING * * *
The ball python grabs you. The ball python constricts you.
You hit the hobgoblin but do no damage.
The hobgoblin is severely wounded.
The hobgoblin hits you.
* * * LOW HITPOINT WARNING * * *
The ball python bites you but does no damage.
The ball python constricts you. The hobgoblin hits you.
You die...

#.# #.# #### #.. ... .#.#
.
P.##########.#.#######.##
.............#..(g?......
P.######...###..@g.....#
.....>.'.........S.......
#####.##...###.........##
........#### #.........#
........# #.........##
........# #...........
........#### #........###
...........# #####......
...........#######.#####.#


You could see 2 hobgoblins and a ball python.

Vanquished Creatures
  2 endoplasms (D:1)
  A giant cockroach (D:1)
  A goblin (D:1)
  2 hobgoblins (D:1)
  A frilled lizard (D:1)
  2 kobolds (D:1)
  2 rats (D:1)
11 creatures vanquished.

Notes
Turn   | Place    | Note
-------+----------+-------------------------------------------
     0 | D:1      | Mickster the Gargoyle Wanderer began the quest for the Orb.
     0 | D:1      | Mickster set off with the following items: a +0 club, a
                  | scroll of blinking, a potion of curing, a +0 pair of boots,
                  | a +0 leather armour, a potion of berserk rage
     0 | D:1      | Reached XP level 1. HP: 12/12 MP: 1/1
   566 | D:1      | Reached XP level 2. HP: 16/16 MP: 2/2
   839 | D:1      | Slain by a hobgoblin

Illustrated notes

Levels and vault maps discovered:
D:1:      evilmike_arrival_crescent, layout_basic, serial_forest,
          infiniplex_forest_corner_1, infiniplex_forest_end_3,
          infiniplex_forest_zigzag_1, infiniplex_forest_clump_tiny,
          infiniplex_forest_lined_corner, infiniplex_forest_clump_tiny

Action                   || total
-------------------------++-------
Melee: Whip              ||    28
       Punch             ||     1
       Short sword       ||    20
  Use: Scroll            ||     3
Armor: Leather armour    ||    14
Dodge: Dodged            ||    36
